 Dungeon Crawl Stone Soup version 0.27.0-65-ge2af304b15 (webtiles) character file.

Game seed: 15399230472915568882

0 Malachi the Ducker (level 1, 0/16 HPs)
             Began as an Octopode Monk on Aug 19, 2021.
             Slain by a kobold (3 damage)
             ... on level 1 of the Dungeon.
             The game lasted 00:00:07 (84 turns).

Malachi the Ducker (Octopode Monk)                    Turns: 84, Time: 00:00:08

Health: 0/16       AC:  1    Str: 10    XL:     1   Next: 10%
Magic:  1/1        EV: 14    Int: 12    God:
Gold:   0          SH:  0    Dex: 14    Spells: 0/0 levels left

rFire    . . .     SeeInvis .   a - +0 short sword
rCold    . . .     Faith    .   (no shield)
rNeg     . . .     Spirit   .   (helmet restricted)
rPois    .         Reflect  .   (no amulet)
rElec    .         Harm     .   (no ring)
rCorr    .         Rampage  .   (no ring)
Will     .....                  (no ring)
Stlth    +++.......             (no ring)
HPRegen  0.05/turn              (no ring)
MPRegen  0.07/turn              (no ring)
                                (no ring)
                                (no ring)

@: no status effects
A: almost no armour, amphibious, 8 rings, camouflage 1, gelatinous body 1,
(nimble swimmer 1), tentacles
a: no special abilities


You were on level 1 of the Dungeon.
You visited 1 branch of the dungeon, and saw 1 of its levels.

Inventory:

Hand Weapons
 a - a +0 short sword (weapon)


   Skills:
 + Level 3.0 Fighting
 + Level 3.0 Short Blades
 + Level 3.0 Dodging
 + Level 2.6 Stealth


You couldn't memorise any spells.
You didn't know any spells.
Your spell library was empty.

Dungeon Overview and Level Annotations

Branches:
Dungeon (1/15)

Altars:


Innate Abilities, Weirdness & Mutations

You cannot wear most types of armour.
You are amphibious.
You can wear up to eight rings at the same time.
Your skin changes colour to match your surroundings (Stealth+).
Your rubbery body absorbs attacks. (AC +1, EV +1)
((You are camouflaged near water. (Stealth+)))
You have tentacles for arms and can constrict up to eight enemies at once.


Message History

Press ? for a list of commands and other information.
Found a staircase leading out of the dungeon.
There is a fountain of clear blue water here.
You open the door.
There is an open door here.
Found a mace.
Found a club.
A kobold comes into view. It is wielding a +0 dagger.
A kobold is nearby!
A kobold is nearby!
A ball python comes into view.
You see here a book of Debilitation.
The ball python hisses angrily.
The ball python bites you. The ball python grabs you.
The ball python constricts you. The ball python bites you.
The ball python constricts you.
You barely miss the ball python.
The kobold shouts!
Your grab misses the ball python. The ball python bites you.
The ball python constricts you.
You are too injured to fight recklessly!
You are too injured to fight recklessly!
You are too injured to fight recklessly!
You escape the ball python's grasp.
The ball python closely misses you. The ball python barely misses you.
You barely miss the ball python. Your grab misses the ball python.
Your squeeze misses the ball python. The ball python bites you.
The ball python barely misses you.
You closely miss the ball python. You grab the ball python.
You squeeze the ball python.
You kill the ball python!
You closely miss the kobold. Your grab misses the kobold.
The kobold hits you with a +0 dagger.
* * * LOW HITPOINT WARNING * * *
You barely miss the kobold. You grab the kobold. You constrict the kobold.
You hit the kobold but do no damage.
The kobold is heavily wounded.
You constrict the kobold, but do no damage.
The kobold hits you with a +0 dagger.
You die...

### . ###.#
..##...################.
........................
............####.######.
...##.......# #@#
#......####.####K#
#......####......###
.............##....#
#............##....########
.......####..##...........#
#.#.##.####..####.........##
....................:.......
.......#####.####.........##


You could see a kobold.

Vanquished Creatures
  A ball python (D:1)
1 creature vanquished.

Notes
Turn   | Place    | Note
-------+----------+-------------------------------------------
     0 | D:1      | Malachi the Octopode Monk began the quest for the Orb.
     0 | D:1      | Reached XP level 1. HP: 16/16 MP: 1/1
    84 | D:1      | Slain by a kobold

Illustrated notes

Levels and vault maps discovered:
D:1:      dpeg_arrival_simpleton_c, layout_basic

Action                   || total
-------------------------++-------
Melee: Short sword       ||     6
       Constrict         ||     2
       Tentacles         ||     1
Dodge: Dodged            ||     3
